 Dungeon Crawl Stone Soup version 0.21.0-3-g78d12a8 (webtiles) character file.

26009 BonjourVileCrotch the Tainter (level 13, -3/79 HPs)
             Began as a Barachi Venom Mage on Jan 10, 2018.
             Was a High Priest of Hepliaklqana.
             Slain by a yak (5 damage)
             ... on level 4 of the Lair of Beasts.
             The game lasted 01:20:19 (17626 turns).

BonjourVileCrotch the Tainter (Barachi Venom Mage) Turns: 17626, Time: 01:20:20

Health: -3/79      AC:  6    Str: 10    XL:     13   Next: 23%
Magic:  7/27       EV:  2    Int: 21    God:    Hepliaklqana [*****.]
Gold:   848        SH:  0    Dex: 12    Spells: 10/32 levels left

rFire    . . .     SeeInvis .   u - +1 trident
rCold    + + +     Gourm    .   (no shield)
rNeg     + + +     Faith    .   N - +1 robe {Archmagi}
rPois    ∞         Spirit   .   X - +0 helmet
rElec    .         Reflect  .   (no cloak)
rCorr    +         Harm     .   Z - +0 pair of gloves
MR       .....                  f - +0 pair of boots
Stlth    ++........             g - amulet of rage
HPRegen  0.23/turn              a - +2 ring of evasion
MPRegen  0.20/turn              T - ring "Ogomann" {rCorr +Inv rPois rC+++ MR-}

@: petrified, very slightly contaminated, drained, slow
A: +LOS, swims, reduced essence, slowness 1, strong legs 2
a: Hop, Recall Ancestor, Ancestor Identity, Transference, Idealise, Renounce
Religion, Evoke Berserk Rage, Evoke Invisibility


You were on level 4 of the Lair of Beasts.
You worshipped Hepliaklqana.
Hepliaklqana was extremely pleased with you.
You were hungry.

You visited 3 branches of the dungeon, and saw 17 of its levels.

You collected 875 gold pieces.
You spent 27 gold pieces at shops.

Inventory:

Hand Weapons
 u - a +1 trident (weapon)
 M - a +2 flail of holy wrath
 P - a +0 hunting sling
Missiles
 m - 466 stones (quivered)
Armour
 f - a +0 pair of boots (worn)
 x - a +1 robe of magic resistance
 J - the +2 leather armour of the Tired Songs {rN+ MP+9 Str+3}
   (You found it on level 2 of the Lair of Beasts)

   It affects your strength (+3).
   It protects you from negative energy.
   It affects your magic capacity (+9).
 N - a +1 robe of the Archmagi (worn)
 X - a +0 helmet (worn)
 Z - a +0 pair of gloves (worn)
Magical Staves
 V - an uncursed staff of conjuration
Jewellery
 a - a +2 ring of evasion (left hand)
 g - an amulet of rage (around neck)
 F - an uncursed ring of protection from cold
 T - the ring "Ogomann" (right hand) {rCorr +Inv rPois rC+++ MR-}
   (You found it on level 5 of the Lair of Beasts)

   [ring of resist corrosion]

   It renders you almost immune to cold.
   It protects you from poison.
   It affects your resistance to hostile enchantments.
   It lets you turn invisible.
Wands
 z - a wand of iceblast (16)
 E - a wand of acid (3)
 G - a wand of disintegration (22)
 I - a wand of clouds (6)
 K - a wand of paralysis (29)
 R - a wand of enslavement (10)
Scrolls
 d - 4 scrolls of identify
 h - 3 scrolls of fear {unknown}
 i - 11 scrolls of teleportation
 j - 4 scrolls of magic mapping
 o - 9 scrolls of remove curse
 p - 5 scrolls of enchant weapon
 s - 2 scrolls of random uselessness {unknown}
 v - 2 scrolls of amnesia {unknown}
 w - 4 scrolls of blinking
 y - a scroll of acquirement {unknown}
 O - 5 scrolls of fog
 Q - a scroll of enchant armour {unknown}
 S - 2 scrolls of summoning {unknown}
Potions
 b - 3 potions of might
 e - 4 potions of berserk rage
 k - 2 potions of degeneration {unknown}
 l - 3 potions of brilliance {unknown}
 n - 4 potions of heal wounds
 q - 3 potions of flight
 r - 2 potions of ambrosia {unknown}
 t - 4 potions of curing
 A - a potion of cancellation {unknown}
 B - a potion of haste {unknown}
 D - 4 potions of lignification
 U - a potion of agility {unknown}
 W - 2 potions of resistance
Books
 H - a book of Necromancy

   Spells                             Type                      Level
   a - Pain                           Necromancy                   1
   b - Animate Skeleton               Necromancy                   1
   c - Vampiric Draining              Necromancy                   3
   d - Regeneration                   Charms/Necromancy            3
   e - Animate Dead                   Necromancy                   4
   f - Borgnjor's Vile Clutch         Necromancy/Earth             5
Miscellaneous
 C - a sack of spiders
 Y - a box of beasts
Comestibles
 c - 21 rations


   Skills:
 - Level 4.1(4.0) Fighting
 - Level 4.5(4.3) Dodging
 - Level 1.7(1.6) Stealth
 - Level 10.0(9.7) Spellcasting
 - Level 7.6(7.4) Conjurations
 + Level 8.1(7.9) Necromancy
 + Level 8.9(8.7) Earth Magic
 - Level 14.0(13.7) Poison Magic


You had 10 spell levels left.
You knew the following spells:

 Your Spells              Type           Power        Failure   Level  Hunger
a - Sting                 Conj/Pois      ####         1%          1    None
b - Poisonous Vapours     Pois/Air       ######       1%          2    None
c - Olgreb's Toxic Radia  Pois           #######.     1%          4    ##.....
d - Animate Skeleton      Necr           N/A          1%          1    None
e - Venom Bolt            Conj/Pois      ######....   2%          5    ####...
f - Iskenderun's Mystic   Conj           ######..     3%          4    ##.....
g - Borgnjor's Vile Clut  Necr/Erth      ######....   6%          5    ####...


Dungeon Overview and Level Annotations

Branches:
Dungeon (10/15)            Temple (1/1) D:4            Lair (6/6) D:9
 Spider (0/4) Lair:3        Slime (0/5) Lair:5
  Swamp: Lair:2-4    Shoals: Lair:2-4       Orc: D:9-12

Altars:
Cheibriados
Fedhas
Gozag
Hepliaklqana
Makhleb
Nemelex Xobeh
Okawaru
Ru
Trog
Vehumet
Xom
Zin
The Shining One
Jiyva

Shops:
D:5 =   D:6 (   D:7 [   D:8 %

Annotations:
D:3 2 transporters
D:4 Eustachio
Lair:2 exclusion: obsidian statue
Lair:5 exclusion: hydra


Innate Abilities, Weirdness & Mutations

Shadows flee at your approach. (+LOS)
You can swim through water.
You cover ground slowly.
You can hop long distances.
Your life essence is reduced to manifest your ancestor. (-10% HP)


Message History

The yak gores you. x2; The yak completely misses you.
The yak gores you!
The yak looks more healthy.
The yak gores you! The yak gores you. x2
The yak gores you but does no damage.
The yak looks more healthy.
The yak gores you. x2
The yak gores you but does no damage. The yak gores you. The yak gores you! x2
* * * LOW HITPOINT WARNING * * *
The yak gores you. x2
* * * LOW HITPOINT WARNING * * *
The yak looks more healthy.
The yak gores you!
* * * LOW HITPOINT WARNING * * *
The yak gores you.
* * * LOW HITPOINT WARNING * * *
The yak gores you. The yak gores you!
* * * LOW HITPOINT WARNING * * *
You are ready to hop once more.
The yak looks more healthy.
The yak gores you.
* * * LOW HITPOINT WARNING * * *
The yak gores you!
You die...

########
#####.#.PP.# #
#..........#.##
#..........+...
# +..........#
.#....<[...P#
#......YYY.##
#P......@Y.# .+
#...##+#..###
.# #.## ..### #
.# # #.. #P ..
## #. . #.#.
#.##...#
......W.
.......W


You could see 4 yaks.

Vanquished Creatures
  Rupert (Lair:4)
  2 hydras
  A cyclops (D:10)
  9 elephants
  2 black mambas (Lair:4)
  A rime drake (Lair:5)
  A spiny frog (Lair:5)
  A komodo dragon (Lair:2)
  A hornet (D:9)
  2 hippogriffs
  6 blink frogs
  2 wyverns (D:9)
  6 yaks
  3 hogs (D:7)
  2 water moccasins (Lair:3)
  3 porcupines
  2 orc warriors (D:6)
  A sky beast (D:4)
  An ogre (D:5)
  5 wolves
  A centaur (D:5)
  2 big kobolds (D:7)
  5 crocodiles
  2 bullfrogs
  3 scorpions
  An electric eel (Lair:2)
  2 howler monkeys
  2 crimson imps
  A bullfrog skeleton (D:6)
  2 jellies
  4 orc priests
  2 hounds
  2 iguanas
  3 orc wizards
  8 worker ants
  4 gnolls (D:10)
  5 adders
  A white imp (D:8)
  2 oozes
  3 worms (D:2)
  2 dart slugs
  5 leopard geckos
  15 orcs
  7 giant cockroaches
  8 goblins
  14 hobgoblins
  11 jackals
  9 kobolds
  2 quokkas
  4 ball pythons
  8 bats
  12 frilled lizards
  A jackal skeleton (D:7)
  A leopard gecko skeleton (D:7)
  2 quokka zombies (D:6)
  8 rats
  A plant (Lair:4)
217 creatures vanquished.

Vanquished Creatures (collateral kills)
  Josephine (Lair:4)
  2 hydras
  Pikel (D:8)
  3 elephants (Lair:3)
  A black mamba (Lair:3)
  Joseph (Lair:1)
  Psyche (D:8)
  8 spiny frogs
  A komodo dragon (Lair:3)
  A troll (D:10)
  4 hippogriffs
  7 blink frogs
  3 yaks
  A hog (D:7)
  A human (D:7)
  A basilisk (Lair:3)
  3 porcupines
  4 water moccasins
  An orc warrior (D:9)
  An ice beast (D:10)
  2 sky beasts (D:10)
  A centaur (D:6)
  3 wolves
  3 crocodiles (Lair:2)
  3 bullfrogs
  4 scorpions
  A howler monkey (D:9)
  3 crimson imps
  2 bullfrog zombies
  A hound (D:10)
  4 jellies
  2 orc wizards
  2 centaur skeletons
  An orc priest (D:9)
  An iguana (D:9)
  2 worker ants
  A killer bee zombie (D:4)
  A hound skeleton (D:6)
  6 adders
  A howler monkey skeleton (D:6)
  A shadow imp (D:10)
  A worm (Lair:3)
  A dart slug (D:3)
  7 orcs
  A jackal (D:10)
  A quokka (D:5)
  A ball python (D:4)
  A jackal skeleton (D:4)
  4 kobolds (D:7)
  A fungus (Lair:2)
  A plant (Lair:4)
110 creatures vanquished.

Vanquished Creatures (others)
  A water moccasin skeleton (D:8)
  3 knights
  4 ancestors
  2 fungi
  2 plants
12 creatures vanquished.

Grand Total: 339 creatures vanquished

Notes
Turn   | Place    | Note
-------+----------+-------------------------------------------
     0 | D:1      | BonjourVileCrotch the Barachi Venom Mage began the quest for the Orb.
     0 | D:1      | Reached XP level 1. HP: 13/13 MP: 3/3
   161 | D:1      | Reached XP level 2. HP: 19/19 MP: 1/5
   367 | D:1      | Learned a level 2 spell: Poisonous Vapours
   376 | D:1      | Reached skill level 4 in Poison Magic
   505 | D:1      | Reached XP level 3. HP: 24/24 MP: 6/6
  1105 | D:2      | Found a burning altar of Makhleb.
  1115 | D:2      | Found a hazy altar of Hepliaklqana.
  1509 | D:2      | Reached skill level 5 in Poison Magic
  1609 | D:2      | Reached XP level 4. HP: 30/30 MP: 1/7
  2580 | D:3      | Reached XP level 5. HP: 18/35 MP: 1/8
  2738 | D:3      | Learned a level 4 spell: Olgreb's Toxic Radiance
  2780 | D:3      | Found a transporter.
  2780 | D:3      | Found a transporter.
  2837 | D:3      | Reached skill level 6 in Poison Magic
  2887 | D:3      | Found a snail-covered altar of Cheibriados.
  2998 | D:2      | Became a worshipper of Hepliaklqana the Forgotten
  3192 | D:3      | Found a sacrificial altar of Ru.
  3379 | D:4      | Found a staircase to the Ecumenical Temple.
  3433 | D:4      | Noticed a sky beast
  3449 | Temple   | Entered the Ecumenical Temple
  3647 | D:4      | Killed a sky beast
  3647 | D:4      | Reached skill level 7 in Poison Magic
  3647 | D:4      | Reached XP level 6. HP: 26/36 MP: 0/9
  4009 | D:4      | Noticed Eustachio
  4041 | D:4      | You fall through a shaft for 3 floors!
  4298 | D:7      | Found Ugohevia's Armour Shoppe.
  4312 | D:7      | Reached * piety under Hepliaklqana
  4386 | D:5      | Entered Level 5 of the Dungeon
  4465 | D:5      | Reached skill level 8 in Poison Magic
  4465 | D:5      | Reached XP level 7. HP: 15/41 MP: 7/10
  5054 | D:5      | Reached skill level 9 in Poison Magic
  5103 | D:4      | Found a sparkling altar of Nemelex Xobeh.
  5134 | D:4      | Reached skill level 1 in Fighting
  6178 | D:5      | Reached XP level 8. HP: 50/50 MP: 6/11
  6215 | D:5      | Reached ** piety under Hepliaklqana
  6216 | D:5      | Remembered your ancestor Topkek as a knight
  6474 | D:5      | Found Qamuhowk's Jewellery Shoppe.
  6588 | D:6      | Reached skill level 10 in Poison Magic
  6708 | D:6      | Learned a level 1 spell: Animate Skeleton
  7108 | D:6      | Found a glowing golden altar of the Shining One.
  7152 | D:6      | Found Fuzyp's Antique Weapon Shop.
  7162 | D:6      | Bought a hunting sling for 27 gold pieces
  7949 | D:7      | Reached XP level 9. HP: 54/58 MP: 11/13
  7992 | D:7      | Reached *** piety under Hepliaklqana
  8212 | D:7      | Reached skill level 11 in Poison Magic
  8513 | D:8      | Noticed Psyche
  8521 | D:8      | Killed Psyche
  8521 | D:8      | Reached skill level 12 in Poison Magic
  8654 | D:8      | Found a radiant altar of Vehumet.
  8731 | D:8      | Noticed Pikel
  8741 | D:8      | Killed Pikel
  8741 | D:8      | Reached skill level 5 in Spellcasting
  8741 | D:8      | Reached XP level 10. HP: 57/63 MP: 9/18
  9105 | D:8      | Found Veac's Food Emporium.
  9262 | D:9      | Reached skill level 13 in Poison Magic
  9505 | D:9      | Found a shimmering altar of Xom.
  9505 | D:9      | Found a shimmering altar of Xom.
  9505 | D:9      | Found a shimmering altar of Xom.
  9506 | D:9      | Found a shimmering altar of Xom.
  9506 | D:9      | Found a shimmering altar of Xom.
  9508 | D:9      | Found a shimmering altar of Xom.
  9508 | D:9      | Found a shimmering altar of Xom.
  9508 | D:9      | Found a shimmering altar of Xom.
  9533 | D:9      | Found a staircase to the Lair.
  9660 | D:9      | Reached **** piety under Hepliaklqana
  9756 | D:9      | Found a blossoming altar of Fedhas.
  9923 | D:10     | Entered Level 10 of the Dungeon
 10079 | D:10     | Reached skill level 14 in Poison Magic
 10087 | D:10     | Learned a level 5 spell: Venom Bolt
 10589 | D:10     | Noticed a cyclops
 10695 | D:10     | Killed a cyclops
 10722 | D:10     | Learned a level 4 spell: Iskenderun's Mystic Blast
 11574 | Lair:1   | Entered Level 1 of the Lair of Beasts
 11587 | Lair:1   | Reached XP level 11. HP: 69/69 MP: 19/22
 11650 | Lair:1   | Noticed a four-headed hydra
 11651 | Lair:1   | Reached skill level 5 in Conjurations
 11665 | Lair:1   | Killed a four-headed hydra
 11948 | Lair:1   | Reached ***** piety under Hepliaklqana
 12163 | Lair:1   | Noticed Joseph
 12176 | Lair:1   | Killed Joseph
 12440 | Lair:2   | Got a bloodstained leather armour
 12451 | Lair:2   | Found a snail-covered altar of Cheibriados.
 12482 | Lair:2   | Learned a level 5 spell: Borgnjor's Vile Clutch
 12555 | Lair:2   | Reached skill level 1 in Necromancy
 12555 | Lair:2   | Reached skill level 1 in Earth Magic
 13126 | Lair:2   | Noticed a seven-headed hydra
 13154 | Lair:2   | Killed a seven-headed hydra
 13487 | Lair:2   | Reached XP level 12. HP: 64/74 MP: 21/25
 13832 | Lair:2   | Noticed an eight-headed hydra
 13839 | Lair:2   | Killed an eight-headed hydra
 14678 | Lair:3   | Reached skill level 10 in Spellcasting
 14701 | Lair:3   | Reached skill level 5 in Earth Magic
 14710 | Lair:3   | Reached skill level 5 in Necromancy
 15330 | Lair:3   | Found a hole to the Spider Nest.
 16175 | Lair:4   | Noticed a five-headed hydra
 16181 | Lair:4   | Killed a five-headed hydra
 16281 | Lair:4   | Noticed Rupert
 16304 | Lair:4   | Killed Rupert
 16304 | Lair:4   | Gained mutation: You can hop long distances. [Barachi growth]
 16304 | Lair:4   | Reached XP level 13. HP: 12/79 MP: 2/27
 16648 | Lair:5   | Found a staircase to the Slime Pits.
 16648 | Lair:5   | Found a viscous altar of Jiyva.
 16784 | Lair:5   | Got a glittering steel ring
 16786 | Lair:5   | Identified the ring "Ogomann" {rCorr +Inv rPois rC+++ MR-} (You found it on level 5 of the Lair of Beasts)
 16925 | Lair:6   | Entered Level 6 of the Lair of Beasts
 16956 | Lair:4   | Noticed Josephine
 16969 | Lair:4   | Killed Josephine
 17375 | Lair:5   | Identified the +2 leather armour of the Tired Songs {rN+ MP+9 Str+3} (You found it on level 2 of the Lair of Beasts)
 17626 | Lair:4   | HP: 2/79 [yak (2)]
 17626 | Lair:4   | Slain by a yak

Skill      XL: |  1  2  3  4  5  6  7  8  9 10 11 12 13 |
---------------+----------------------------------------+-----
Poison Magic   | 4 5 7 8 9 10 12 14 | 14.0
Fighting       | 2 4 |  4.1
Dodging        | 3 4 |  4.5
Spellcasting   | 5 7 9 10 | 10.0
Conjurations   | 4 7 |  7.6
Necromancy     | 3 7 8 |  8.1
Earth Magic    | 3 8 |  8.9
Stealth        | |  1.7

Action                   |  1- 3 |  4- 6 |  7- 9 | 10-12 | 13-15 || total
-------------------------+-------+-------+-------+-------+-------++-------
Melee: Unarmed           |     4 |       |       |       |       ||     4
       Dagger            |    27 |       |       |       |       ||    27
       Mace              |    19 |    26 |       |       |       ||    45
       Trident           |       |   154 |   144 |   243 |    12 ||   553
Throw: Stone             |       |       |       |     3 |       ||     3
 Cast: Sting             |    59 |    21 |     1 |     2 |       ||    83
       Poisonous Vapours |     1 |    21 |    74 |    83 |    10 ||   189
       Animate Skeleton  |       |       |     4 |    43 |     4 ||    51
       Olgreb's Toxic Ra |       |       |     2 |    39 |     8 ||    49
       Venom Bolt        |       |       |       |    13 |     5 ||    18
       Iskenderun's Myst |       |       |       |     8 |       ||     8
       Borgnjor's Vile C |       |       |       |     2 |       ||     2
Invok: Ancestor Identity |       |     1 |       |       |       ||     1
       Recall Ancestor   |       |     1 |       |       |     1 ||     2
       Ancestor Life: Kn |       |       |     1 |       |       ||     1
       Idealise          |       |       |       |     2 |       ||     2
       Transference      |       |       |       |     1 |       ||     1
 Abil: Hop               |     1 |       |       |     4 |     1 ||     6
Evoke: Wand              |       |       |       |    13 |     1 ||    14
  Use: Potion            |       |       |     1 |       |       ||     1
       Scroll            |       |       |       |       |    12 ||    12
 Stab: Sleeping          |       |     3 |     4 |     1 |       ||     8
       Distracted        |       |     2 |     1 |     5 |       ||     8
       Paralysed         |       |     2 |       |       |       ||     2
       Invisible         |       |     1 |       |       |       ||     1
  Eat: Ration            |     1 |     1 |     1 |     4 |     1 ||     8
       Chunk             |       |     8 |    16 |    21 |     1 ||    46
Armor: Robe              |    11 |    49 |    30 |    36 |     2 ||   128
Dodge: Dodged            |    40 |   145 |   108 |   166 |    10 ||   469
